 Dungeon Crawl Stone Soup version 0.29.0-4-gdea44cf6ec (webtiles) character file.

Game seed: 17163145575152683113

10 qw the Sneak (level 2, -2/19 HPs)
             Began as a Gargoyle Delver on Sept 10, 2022.
             Slain by a necrophage (3 damage)
             ... on level 4 of the Dungeon.
             The game lasted 00:00:07 (200 turns).

qw the Sneak (Gargoyle Delver)                       Turns: 200, Time: 00:00:07

Health: -2/19      AC:  6    Str: 15    XL:     2   Next: 20%
Magic:  2/2        EV: 11    Int: 10    God:
Gold:   29         SH:  0    Dex: 11    Spells: 1/1 levels left

rFire   . . .      SeeInvis +   Y - +0 hand axe
rCold   . . .      Faith    .   (no shield)
rNeg    + . .      Spirit   .   b - +0 leather armour
rPois   inf        Reflect  .   (no helmet)
rElec   +          Harm     .   (no cloak)
rCorr   .          Rampage  .   (no gloves)
Will    .....                   i - +0 pair of boots
Stlth   +++.......              (no amulet)
HPRegen 0.06/turn               k - ring of see invisible
MPRegen 0.08/turn               (no ring)

@: no status effects
A: sickness immunity, AC +2, negative energy resistance 1, electricity
resistance, torment resistance 1, petrification resistance
a: no special abilities


You were on level 4 of the Dungeon.
You visited 1 branch of the dungeon, and saw 2 of its levels.

You collected 29 gold pieces.


Innate Abilities, Weirdness & Mutations

You are immune to sickness and miasma.
Your stone body is resilient. (AC +2)
You are immune to poison.
You resist negative energy. (rN+)
You are resistant to electric shocks. (rElec)
You are resistant to unholy torment.
You are immune to petrification.


   Skills:
 - Level 3.2 Fighting
 + Level 2.5 Axes
 - Level 1.5 Dodging
 - Level 5.4 Stealth


You had one spell level left.
You didn't know any spells.
Your spell library was empty.

Inventory:

Hand Weapons
 Y - a +0 hand axe (weapon)
Missiles
 j - 3 javelins (quivered)
Armour
 b - a +0 leather armour (worn)
 i - a +0 pair of boots (worn)
Jewellery
 k - a ring of see invisible (left hand)
Wands
 g - a wand of digging (3)
Potions
 a - a potion of mutation {unknown}
 f - a potion of haste

Dungeon Overview and Level Annotations

Branches:
Dungeon (5/15)
 Temple: D:4-7

Altars:


Message History

The necrophage is moderately damaged.
The necrophage hits you.
You hit the necrophage but do no damage.
The necrophage is moderately damaged.
The necrophage hits you but does no damage.
You barely miss the necrophage.
The necrophage is moderately damaged.
The necrophage hits you.
You closely miss the necrophage.
The necrophage is moderately damaged.
The necrophage closely misses you.
You closely miss the necrophage.
The necrophage is moderately damaged.
The necrophage hits you but does no damage.
The necrophage hits you.
You hit the necrophage.
The necrophage is heavily damaged.
The necrophage closely misses you.
You hit the necrophage.
The necrophage is heavily damaged.
The necrophage hits you but does no damage.
You completely miss the necrophage.
The necrophage is heavily damaged.
The necrophage hits you.
You closely miss the necrophage.
The necrophage is heavily damaged.
The necrophage hits you.
You hit the necrophage but do no damage.
The necrophage is heavily damaged.
The necrophage barely misses you.
You barely miss the necrophage.
The necrophage is heavily damaged.
The necrophage barely misses you.
You hit the necrophage.
The necrophage is severely damaged.
The necrophage hits you. The necrophage closely misses you.
You barely miss the necrophage.
The necrophage is severely damaged.
The necrophage hits you.
You die...

## #[ .# ##### #.
#...# .#
######...####n#(#
#....'......@..#
#.####...##.#...# #.#
######...#....# #.#
#....#....
###.#########......#..
#.........>...#.......
##..######...........
#................)..
#.###..####.......#.


You could see a necrophage.

Vanquished Creatures
  An adder (D:5)
  A quokka (D:5)
2 creatures vanquished.

Notes
Turn   | Place    | Note
-------+----------+-------------------------------------------
     0 | D:5      | qw the Gargoyle Delver began the quest for the Orb.
     0 | D:5      | Reached XP level 1. HP: 14/14 MP: 1/1
     0 | D:5      | 0 ||| qw: Version: 0.1-a-116-g5d60599
     0 | D:5      | 0 ||| qw: Game counter: 8278
     0 | D:5      | 0 ||| qw: Always use a shield: true
     0 | D:5      | 0 ||| qw: God list: Okawaru
     0 | D:5      | 0 ||| qw: Allow faded altars: false
     0 | D:5      | 0 ||| qw: Do Orc after D:15 true
     0 | D:5      | 0 ||| qw: Do second Lair branch before Depths: true
     0 | D:5      | 0 ||| qw: Lair rune preference: random
     0 | D:5      | 0 ||| qw: Plans: Normal
     0 | D:5      | 0 ||| PLANNING D:1-11
    94 | D:5      | Reached XP level 2. HP: 19/19 MP: 2/2
   106 | D:5      | 106 ||| UPGRADING to +0 pair of boots.
   111 | D:5      | 111 ||| UPGRADING to ring of see invisible.
   112 | D:5      | 112 ||| READING scroll labelled CISEPR MECACWINAT.
   113 | D:5      | 113 ||| DROPPING scroll of fog.
   114 | D:5      | 114 ||| DROPPING scroll of magic mapping.
   115 | D:5      | 115 ||| DROPPING scroll of fear.
   165 | D:4      | Noticed a necrophage
   166 | D:4      | 166 ||| Stepping ~*~*~tactically~*~*~ (stealth).
   169 | D:4      | 169 ||| Stepping ~*~*~tactically~*~*~ (stealth).
   171 | D:4      | 171 ||| Stepping ~*~*~tactically~*~*~ (stealth).
   173 | D:4      | 173 ||| Stepping ~*~*~tactically~*~*~ (stealth).
   175 | D:4      | 175 ||| Stepping ~*~*~tactically~*~*~ (stealth).
   177 | D:4      | 177 ||| Stepping ~*~*~tactically~*~*~ (stealth).
   179 | D:4      | 179 ||| Stepping ~*~*~tactically~*~*~ (stealth).
   181 | D:4      | 181 ||| Stepping ~*~*~tactically~*~*~ (stealth).
   196 | D:4      | HP: 3/19 [necrophage (5)]
   199 | D:4      | HP: 1/19 [necrophage (2)]
   200 | D:4      | Slain by a necrophage

Levels and vault maps discovered:
D:4:      gammafunk_steamed_eel, layout_basic, nicolae_uskayaw_suspiria,
          hex_large, minmay_increasing_density, uniq_duvessa
D:5:      layout_basic

Skill      XL: |  1 |
---------------+----+-----
Axes           | 2 |  2.5
Fighting       | |  3.2
Dodging        | |  1.5
Stealth        | |  5.4

Action                   || total
-------------------------++-------
Melee: Hand axe          ||    19
Throw: Javelin           ||     4
  Use: Scroll            ||     1
Armor: Leather armour    ||     5
Dodge: Dodged            ||     8

Table legend:
 A = Non-vault XP
 B = Vault XP
 C = Vault XP percentage of total XP
 D = Non-vault monster count
 E = Vault monster count
 F = Vault count percentage of total count
                 A         B        C        D         E       F
            +---------+---------+-------+---------+---------+-------
      Total |      15 |       0 |   0.0 |       2 |       0 |   0.0
            +---------+---------+-------+---------+---------+-------
        D:5 |      15 |       0 |   0.0 |       2 |       0 |   0.0
            +---------+---------+-------+---------+---------+-------
